 Dungeon Crawl Stone Soup version 0.30.0-30-g96aa6591b8 (webtiles) character file.

Game seed: 5193224237825384461

321 Fodor the Covered (level 6, -3/53 HPs)
             Began as a Minotaur Fighter on June 26, 2023.
             Slain by a hornet (8 damage)
             ... on level 4 of the Dungeon.
             The game lasted 00:19:48 (3444 turns).

Fodor the Covered (Minotaur Fighter)                Turns: 3444, Time: 00:19:50

Health: -3/53      AC:  7    Str: 23    XL:     6   Next: 22%
Magic:  5/5        EV: 10    Int:  5    God:
Gold:   251        SH:  4    Dex:  9    Spells: 5/5 levels left

rFire   . . .        w - +1 flail (heavy)
rCold   . . .        c - +0 buckler
rNeg    + . .        b - +0 scale mail
rPois   .            (helmet restricted)
rElec   .            (no cloak)
rCorr   .            (no gloves)
SInv    .            (no boots)
Will    .....        (no amulet) Stlth
                     l - ring of positive energy
HPRegen 0.28/turn    (no ring)
MPRegen 0.09/turn

%: no passive effects
@: mighty, lethally poisoned (-3 -> -16), slowed, very slow
A: horns 2, retaliatory headbutt
a: no special abilities


You were on level 4 of the Dungeon.
You visited 1 branch of the dungeon, and saw 4 of its levels.

You collected 251 gold pieces.

Inventory:

Hand Weapons
 f - a +2 sling of flaming
 w - a +1 heavy flail (weapon)
Missiles
 m - 4 poisoned darts
 z - a throwing net
Armour
 b - a +0 scale mail (worn)
 c - a +0 buckler (worn)
 k - a +0 plate armour
Jewellery
 e - a ring of wizardry
 l - a ring of positive energy (left hand)
Scrolls
 a - a scroll of poison
 h - 2 scrolls of fog
 n - 4 scrolls of teleportation
 o - 3 scrolls of identify {unknown}
 p - a scroll of vulnerability {unknown}
 q - 2 scrolls of amnesia
 r - a scroll of fear {unknown}
 v - a scroll of enchant armour {unknown}
 y - a scroll of torment {unknown}
Potions
 d - a potion of might
 g - a potion of ambrosia {unknown}
 i - 2 potions of curing {unknown}
 j - a potion of mutation {unknown}
 s - a potion of degeneration {unknown}
 u - a potion of cancellation {unknown}
 x - a potion of haste {unknown}


   Skills:
 + Level 4.6 Fighting
 + Level 2.6 Long Blades
 + Level 0.1(0.2) Axes
 + Level 4.3 Ranged Weapons
 + Level 4.9 Armour
 + Level 1.2 Dodging
 + Level 0.1 Stealth
 + Level 4.4 Shields


You had 5 spell levels left.
You didn't know any spells.
Your spell library contained the following spells:

 Spells                   Type           Power      Damage    Failure   Level
 Frozen Ramparts          Ice            0%         1d1       99%         3
 Ice Form                 Ice/Tmut       0%         N/A       100%        4
 Summon Ice Beast         Ice/Summ       0%         N/A       100%        4


Dungeon Overview and Level Annotations

Branches:
Dungeon (4/15)
 Temple: D:4-7

Altars:
Makhleb


Innate Abilities, Weirdness & Mutations

You have a pair of horns on your head.
You reflexively headbutt those who attack you in melee.


Message History

Found a sling.
The kobold throws a stone.
The stone hits you but does no damage.
You sock the kobold!
You kill the kobold!
Found a scroll labelled DATWAFF CEIMM.
Things that are here:
a +0 short sword; 3 stones You see here a +0 sling.
o - 3 scrolls labelled DATWAFF CEIMM (gained 1)
Found 7 gold pieces.
A hornet comes into view.
The hornet buzzes angrily.
Found a leather armour.
The hornet barely misses you.
You see here 7 gold pieces.
You barely miss the hornet. You block the hornet's attack.
The hornet barely misses you. The hornet stings you!
You feel yourself slow down.
You hit the hornet but do no damage. You headbutt the hornet.
The hornet is lightly wounded.
You feel yourself speed up. The hornet stings you.
You suddenly lose the ability to move!
The hornet stings you.
You are poisoned.
You feel yourself slow down. The hornet stings you.
You are more poisoned.
You feel as though you will be slow longer.
The hornet stings you!
You feel as though you will be slow longer.
The hornet stings you!
* * * LOW HITPOINT WARNING * * *
You feel as though you will be slow longer.
You can move again.
You feel very mighty all of a sudden.
* * * LOW HITPOINT WARNING * * *
You feel extremely sick. The hornet stings you.
* * * LOW HITPOINT WARNING * * *
You feel as though you will be slow longer.
The hornet stings you!
You die...

............. #########
............###@y.....#
.............#..###.#.[
......<......##..#
##.............##.#
##.....#......##..#
.......#......#..## ...#
#........#.##.######
..####........#..##.#.#.###
..............##..........#


You could see a hornet.

Vanquished Creatures
  2 scorpions
  A centaur skeleton (D:4)
  An orc priest (D:2)
  Robin (D:4)
  5 adders
  3 worms
  4 orcs (D:2)
  9 endoplasms
  3 giant cockroaches
  12 goblins
  5 hobgoblins
  4 jackals
  3 quokkas
  10 ball pythons
  3 bats
  3 frilled lizards
  6 kobolds
  5 rats (D:1)
80 creatures vanquished.

Notes
Turn   | Place    | Note
-------+----------+-------------------------------------------
     0 | D:1      | Fodor the Minotaur Fighter began the quest for the Orb.
     0 | D:1      | Reached XP level 1. HP: 19/19 MP: 0/0
    70 | D:1      | Reached XP level 2. HP: 10/27 MP: 1/1
   881 | D:1      | Reached XP level 3. HP: 23/33 MP: 2/2
  1035 | D:2      | Reached skill level 1 in Ranged Weapons
  1429 | D:2      | Reached XP level 4. HP: 34/40 MP: 3/3
  1784 | D:2      | Noticed a scorpion
  1798 | D:2      | Killed a scorpion
  1799 | D:2      | Reached XP level 5. HP: 46/47 MP: 4/4
  2164 | D:3      | Reached skill level 1 in Dodging
  2704 | D:3      | Found a burning altar of Makhleb.
  2704 | D:3      | Noticed a blizzard demon
  3049 | D:4      | Noticed Robin
  3072 | D:4      | Reached XP level 6. HP: 11/53 MP: 5/5
  3072 | D:4      | Killed Robin
  3440 | D:4      | Noticed a hornet
  3443 | D:4      | Paralysed by a hornet for 2 turns
  3444 | D:4      | Slain by a hornet

Illustrated notes

Levels and vault maps discovered:
D:1:      spicycebolla_arrival_ecumenical, layout_rooms,
          minmay_misc_feat_enclosed, minmay_octomino_e4
D:2:      cheibrodos_pilgrimage, layout_loops_ring, minmay_misc_feat_diagonals,
          chequers_arboretum
D:3:      layout_loops_ring, makhleb_altar_promises_db,
          small_statue_intersection
D:4:      layout_cave_pools, serial_undead, serial_undead_c, serial_undead_e,
          serial_undead_b, serial_undead_d, kennysheep_cross_bottleneck,
          minmay_small_thing, uniq_edmund, uniq_robin

Skill      XL: |  1  2  3  4  5 |
---------------+----------------+-----
Shields        | 4 |  4.4
Ranged Weapons | 2 3 4 |  4.3
Fighting       | 4 |  4.6
Armour         | 4 |  4.9
Dodging        | 1 |  1.2
Long Blades    | |  2.6
Axes           | |  0.1
Stealth        | |  0.1

Action                     |  1- 3 |  4- 6 || total
---------------------------+-------+-------++-------
  Melee: Long sword        |    31 |       ||    31
         Headbutt          |     3 |     4 ||     7
         Broad axe         |       |     6 ||     6
         Flail             |       |    36 ||    36
   Fire: Sling             |    55 |    48 ||   103
    Use: Scroll            |       |     5 ||     5
         Potion            |       |     1 ||     1
 Armour: Scale mail        |    43 |    81 ||   124
  Dodge: Dodged            |    43 |    80 ||   123
  Block: Buckler           |    27 |    36 ||    63
